 Dungeon Crawl Stone Soup version 0.26-a0-259-g1effd001a9 (webtiles) character file.

Game seed: 5881591521495469605

72 vurker the Gusty (level 4, -4/35 HPs)
             Began as a Draconian Air Elementalist on July 15, 2020.
             Slain by Grinder (8 damage)
             ... on level 3 of the Dungeon.
             The game lasted 00:02:43 (2850 turns).

vurker the Gusty (Draconian Air Elementalist)       Turns: 2850, Time: 00:02:44

Health: -4/35      AC:  6    Str: 10    XL:     4   Next: 6%
Magic:  0/8        EV: 12    Int: 17    God:
Gold:   96         SH:  0    Dex: 11    Spells: 4/9 levels left

rFire    . . .     SeeInvis .   n - +1 dagger (protect)
rCold    . . .     Faith    .   (no shield)
rNeg     . . .     Spirit   .   (armour unavailable)
rPois    +         Reflect  .   (helmet restricted)
rElec    .         Harm     .   (no cloak)
rCorr    .                      d - +0 pair of gloves
MR       .....                  (no boots)
Stlth    ++........             (no amulet)
HPRegen  0.11/turn              c - ring of poison resistance
MPRegen  0.11/turn              p - ring of wizardry

@: no status effects
A: unfitting armour, cold-blooded, AC +5
a: no special abilities


You were on level 3 of the Dungeon.
You were not hungry.

You visited 1 branch of the dungeon, and saw 3 of its levels.

You collected 96 gold pieces.

Inventory:

Hand Weapons
 n - a +1 dagger of protection (weapon)
   (You took it off Robin on level 2 of the Dungeon)
Armour
 d - a +0 pair of gloves (worn)
   (You found it on level 1 of the Dungeon)
Jewellery
 c - a ring of poison resistance (left hand)
   (You found it on level 1 of the Dungeon)
 p - a ring of wizardry (right hand)
   (You found it on level 3 of the Dungeon)
Scrolls
 g - a scroll of identify {unknown}
 h - 3 scrolls of teleportation {unknown}
 i - 3 scrolls of enchant armour {unknown}
 k - a scroll of remove curse {unknown}
 l - a scroll of amnesia {unknown}
 o - a scroll of magic mapping {unknown}
 q - a scroll of random uselessness {unknown}
Potions
 a - a potion of magic {unknown}
 b - 2 potions of heal wounds {unknown}
 f - 2 potions of ambrosia {unknown}
 j - a potion of invisibility {unknown}
 m - a potion of curing {unknown}
Comestibles
 e - 6 rations


   Skills:
 + Level 1.5 Fighting
 - Level 1.7 Dodging
 - Level 1.7 Stealth
 * Level 3.0 Spellcasting
 - Level 1.0 Conjurations
 * Level 3.9 Air Magic


You had 4 spell levels left.
You knew the following spells:

 Your Spells              Type           Power        Failure   Level
a - Shock                 Conj/Air       ##..         2%          1
c - Airstrike             Air            ###.......   14%         4

Your spell library contained the following spells:

 Spells                   Type           Power        Failure   Level
 Swiftness                Chrm/Air       #.......     4%          2
 Static Discharge         Conj/Air       ##......     8%          3
 Lightning Bolt           Conj/Air       ##........   54%         5


Dungeon Overview and Level Annotations

Branches:
Dungeon (3/15)

Altars:

Annotations:
D:3 Grinder


Innate Abilities, Weirdness & Mutations

Your plain brown scales are hard. (AC +5)
You cannot fit into any form of body armour.
You are cold-blooded and may be slowed by cold attacks.


Message History

Done exploring.
Done exploring.
There is a stone staircase leading down here.
You climb downwards.
There is a stone staircase leading up here.
Found a scroll labeled HEHUATAM BIHUU.
o - a scroll labeled HEHUATAM BIHUU
Found a scratched onyx ring.
Found a scroll labeled PINAX BAXOCWI.
p - a scratched onyx ring
q - a scroll labeled PINAX BAXOCWI
p - a ring of wizardry (right hand) Grinder comes into view.
Aim: Grinder (asleep)
The zap hits Grinder.
Grinder shouts!
Grinder drinks a potion.
Grinder seems to speed up.
The zap hits Grinder. x2
The zap hits Grinder.
The zap hits Grinder but does no damage.
Grinder hits you.
The zap misses Grinder.
The zap hits Grinder but does no damage.
Grinder gestures at you. You resist with significant effort.
The zap hits Grinder.
The zap misses Grinder.
Grinder hits you.
You writhe in agony.
Grinder misses you.
The zap hits Grinder.
The zap misses Grinder.
Grinder hits you.
You don't have enough magic to cast that spell.
The zap hits Grinder. x2; Grinder hits you.
* * * LOW HITPOINT WARNING * * *
You writhe in agony.
* * * LOW HITPOINT WARNING * * *
Grinder barely misses you.
The zap hits Grinder.
The zap misses Grinder.
Grinder hits you but does no damage.
Unknown command.
You barely miss Grinder. Grinder gestures at you.
You resist with significant effort.
Grinder blinks!
You closely miss Grinder. Grinder hits you!
* * * LOW HITPOINT WARNING * * *
You writhe in agony.
* * * LOW HITPOINT WARNING * * *
Grinder says, "Just stop there for a second..."
Grinder says, "You look like you could use a good racking."
Grinder barely misses you.
The zap hits Grinder. x2; Grinder hits you but does no damage.
You barely miss Grinder. Grinder hits you!
You die...

... ######.#.# ..
#....#.#.# ..
#.<..#.#.# .#
#.####.#.# .#
#......#.#
#5######.
########.#
........# #.# #.#
#.# #@# #.# #5#
#.#
#.##############.#
#................#
##################


You could see Grinder (fast).

Vanquished Creatures
  Robin (D:2)
  An ooze (D:2)
  A worm (D:2)
  A leopard gecko (D:2)
  5 orcs (D:2)
  2 giant cockroaches
  8 goblins
  6 hobgoblins
  A quokka (D:2)
  A ball python (D:1)
  7 bats
  2 frilled lizards (D:1)
  4 kobolds
  3 rats
43 creatures vanquished.

Notes
Turn   | Place    | Note
-------+----------+-------------------------------------------
     0 | D:1      | vurker the Draconian Air Elementalist began the quest for
                  | the Orb.
     0 | D:1      | Reached XP level 1. HP: 14/14 MP: 3/3
   787 | D:1      | Reached XP level 2. HP: 22/22 MP: 0/5
  1458 | D:2      | Reached skill level 1 in Fighting
  1653 | D:2      | Reached XP level 3. HP: 28/28 MP: 1/6
  1919 | D:2      | Noticed Robin
  2302 | D:2      | Killed Robin
  2543 | D:2      | Reached XP level 4. HP: 35/35 MP: 3/8
  2651 | D:2      | Learned a level 4 spell: Airstrike
  2834 | D:3      | Noticed Grinder
  2850 | D:3      | Slain by Grinder

Illustrated notes

Levels and vault maps discovered:
D:1:      dpeg_arrival_round_a, layout_loops_corners
D:2:      layout_loops_cross, chequers_serial_rivers_micro_b, uniq_robin
D:3:      layout_basic, kennysheep_slug_shrine, uniq_grinder

Skill      XL: |  1  2  3 |
---------------+----------+-----
Fighting       | 1 |  1.5
Spellcasting   | 3 |  3.0
Dodging        | |  1.7
Stealth        | |  1.7
Conjurations   | |  1.0
Air Magic      | |  3.9

Action                   |  1- 3 |  4- 6 || total
-------------------------+-------+-------++-------
Melee: Unarmed           |    37 |       ||    37
       Tailslap          |    10 |       ||    10
       Dagger            |    37 |     3 ||    40
 Cast: Shock             |    79 |    11 ||    90
  Eat: Ration            |     2 |       ||     2
Armor: Skin              |    29 |     2 ||    31
Dodge: Dodged            |    78 |     3 ||    81

Table legend:
 A = Non-vault XP
 B = Vault XP
 C = Vault XP percentage of total XP
 D = Non-vault monster count
 E = Vault monster count
 F = Vault count percentage of total count
                 A         B        C        D         E       F
            +---------+---------+-------+---------+---------+-------
      Total |      77 |      26 |  25.2 |      36 |       7 |  16.3
            +---------+---------+-------+---------+---------+-------
        D:1 |      30 |       0 |   0.0 |      18 |       0 |   0.0
        D:2 |      47 |      26 |  35.6 |      18 |       7 |  28.0
            +---------+---------+-------+---------+---------+-------
